 Dungeon Crawl Stone Soup version 0.21-a0-513-gdcb3f5e (webtiles) character file.

17431 Hafrunt the Tainter (level 12, -3/100 HPs)
             Began as a Red Draconian Venom Mage on Dec 1, 2017.
             Was a High Priest of Vehumet.
             Slain by a spiny frog (17 damage)
             ... on level 1 of the Lair of Beasts on Dec 2, 2017.
             The game lasted 01:13:10 (15442 turns).

Hafrunt the Tainter (Red Draconian Venom Mage)     Turns: 15442, Time: 01:13:10

Health: -3/100     AC: 25    Str: 11    XL:     12   Next: 18%
Magic:  1/33       EV: 14    Int: 20    God:    Vehumet [*****.]
Gold:   725        SH:  0    Dex: 12    Spells: 1/27 levels left

rFire    + . .     SeeInvis .   a - +1 morningstar (protect)
rCold    . . .     Gourm    .   (no shield)
rNeg     . . .     Faith    .   (armour unavailable)
rPois    .         Spirit   .   (helmet restricted)
rElec    .         Reflect  .   x - +2 cloak {+Inv}
rCorr    .         Harm     .   A - +0 pair of gloves
MR       .....                  T - +1 pair of boots {run}
Stlth    ++........             z - amulet of regeneration
HPRegen  0.66/turn              E - +4 ring of protection
MPRegen  0.23/turn              m - ring of magical power

@: protection aura, quick
A: breathe fire, unfitting armour, fire resistance 1, cold-blooded, AC +8
a: Breathe Fire, Renounce Religion, Evoke Invisibility


You were on level 1 of the Lair of Beasts.
You worshipped Vehumet.
Vehumet was extremely pleased with you.
You were near starving.

You visited 3 branches of the dungeon, and saw 14 of its levels.

You collected 851 gold pieces.
You spent 126 gold pieces at shops.

Inventory:

Hand Weapons
 a - a +1 morningstar of protection (weapon)
 b - a +2 trident of piercing
 V - a +0 quarterstaff of freezing
Missiles
 w - a throwing net (quivered)
 y - 6 javelins
Armour
 x - a +2 cloak of invisibility (worn)
 A - a +0 pair of gloves (worn)
 T - a +1 pair of boots of running (worn)
Jewellery
 m - a ring of magical power (right hand)
 r - an uncursed ring of resist corrosion
 t - an uncursed ring of protection from fire
 z - an amulet of regeneration (around neck)
 E - a +4 ring of protection (left hand)
 G - an uncursed ring of ice
 H - an uncursed ring of poison resistance
 K - an uncursed ring of protection from magic
Wands
 i - a wand of paralysis (15)
 u - a wand of digging (15)
 B - a wand of clouds (6)
 L - a wand of flame (27)
 R - a wand of iceblast (8)
Scrolls
 d - 3 scrolls of enchant weapon
 f - a scroll of amnesia
 k - 4 scrolls of teleportation
 l - 4 scrolls of identify
 o - 2 scrolls of blinking
 q - 10 scrolls of remove curse
 v - 2 scrolls of magic mapping
 Q - a scroll of random uselessness {unknown}
Potions
 e - a potion of magic
 g - 2 potions of might {unknown}
 h - 2 potions of curing
 j - 2 potions of ambrosia
 n - 3 potions of mutation {unknown}
 p - 2 potions of flight {unknown}
 s - 2 potions of agility {unknown}
 C - a potion of berserk rage {unknown}
 D - 2 potions of brilliance
 I - 3 potions of lignification {unknown}
 U - a potion of degeneration {unknown}
Books
 F - a book of Cantrips

   Spells                             Type                      Level
   a - Confusing Touch                Hexes                        1
   b - Animate Skeleton               Necromancy                   1
   c - Summon Small Mammal            Summoning                    1
   d - Apportation                    Translocation                1
 O - a book of Maledictions

   Spells                             Type                      Level
   a - Corona                         Hexes                        1
   b - Ensorcelled Hibernation        Hexes/Ice                    2
   c - Confuse                        Hexes                        3
   d - Tukima's Dance                 Hexes                        3
   e - Dazzling Spray                 Conjuration/Hexes            3
 P - a Young Poisoner's Handbook

   Spells                             Type                      Level
   a - Sting                          Conjuration/Poison           1
   b - Poisonous Vapours              Poison/Air                   2
   c - Mephitic Cloud                 Conjuration/Poison/Air       3
   d - Olgreb's Toxic Radiance        Poison                       4
   e - Venom Bolt                     Conjuration/Poison           5
Miscellaneous
 W - a lamp of fire
Comestibles
 c - 5 meat rations
 J - 3 bread rations
 M - 11 royal jellies
 N - 6 fruits


   Skills:
 + Level 7.4 Fighting
 + Level 4.5 Dodging
 - Level 1.7 Stealth
 + Level 8.2 Spellcasting
 + Level 8.6 Conjurations
 + Level 5.4 Fire Magic
 + Level 11.5 Poison Magic
 + Level 6.8 Evocations


You had one spell level left.
You knew the following spells:

 Your Spells              Type           Power        Failure   Level  Hunger
a - Sting                 Conj/Pois      ####         1%          1    None
b - Venom Bolt            Conj/Pois      #####.....   1%          5    #####..
c - Conjure Flame         Conj/Fire      #####...     1%          3    None
d - Bolt of Magma         Conj/Fire/Erth ####......   9%          5    #####..
p - Inner Flame           Hex/Fire       ###.....     2%          3    None
s - Mephitic Cloud        Conj/Pois/Air  #####...     1%          3    None
x - Poisonous Vapours     Pois/Air       ####..       1%          2    None
z - Olgreb's Toxic Radia  Pois           ######..     1%          4    ###....


Dungeon Overview and Level Annotations

Branches:
Dungeon (12/15)            Temple (1/1) D:5            Lair (1/6) D:11
    Orc (0/2) D:10

Altars:
Ashenzari
Cheibriados
Dithmenos
Elyvilon
Fedhas
Gozag
Hepliaklqana
Kikubaaqudgha
Makhleb
Nemelex Xobeh
Okawaru
Qazlal
Ru
Sif Muna
Trog
Uskayaw
Vehumet
Wu Jian
Xom
Yredelemnul
Zin
The Shining One

Shops:
D:10 ?   D:11 !

Annotations:
D:4 InnerFear's ghost, amateur HuFi
D:8 exclusion: upstairs


Innate Abilities, Weirdness & Mutations

You can breathe blasts of fire.
Your fiery red scales are hard. (AC +8)
You cannot fit into any form of body armour.
Your flesh is heat resistant. (rF+)
You are cold-blooded and may be slowed by cold attacks.


Message History

Aiming: Sting
Press: ? - help, Shift-Dir - straight line, f/p - spiny frog
Aim: a spiny frog (heavily wounded, poisoned)
The sting hits the spiny frog.
The spiny frog is severely wounded.
You feel sick. The spiny frog stings you!
* * * LOW HITPOINT WARNING * * *
You feel better. The spiny frog misses you.
You sock the spiny frog!
Your weapon exudes an aura of protection.
The spiny frog is almost dead.
The spiny frog stings you!
* * * LOW HITPOINT WARNING * * *
The spiny frog stings you but does no damage.
You feel better.
The spiny frog looks more healthy.
The spiny frog closely misses you.
You hit the spiny frog.
The spiny frog is almost dead.
The spiny frog barely misses you. The spiny frog stings you!
You die...

#......#........##
#..+...#........#
#...#.#.........#
##...............#
##...............#
.....#.#.##PP###.##
.....######### #.P#
#.)..# #.## #....#
#@# #....# #F#
#....# #.# #....##
#.# #.....## #.#
P....... ..#
........ ...
)....... ..#
........ ....


You could see a spiny frog.

Vanquished Creatures
  Josephine (D:11)
  Fannar (D:11)
  A two-headed ogre (D:11)
  A centaur zombie (D:10)
  An elephant (D:11)
  2 komodo dragons (Lair:1)
  2 trolls (D:11)
  2 hornets (D:8)
  5 hippogriffs
  4 wraiths
  2 wyverns
  A basilisk (D:11)
  A shadow (D:10)
  14 yaks
  A hungry ghost (D:10)
  A steam dragon (D:9)
  3 soldier ants (D:8)
  A water moccasin (D:10)
  A porcupine (Lair:1)
  3 orc warriors (D:9)
  4 ice beasts
  4 sky beasts
  An eye of draining (D:10)
  6 ogres
  3 black bears
  2 phantoms
  6 wolves (Lair:1)
  2 necrophages
  4 crocodiles
  12 centaurs
  6 big kobolds
  3 wyvern zombies
  9 bullfrogs
  3 scorpions
  20 killer bees
  3 wights
  5 howler monkeys
  2 crimson imps
  3 jellies
  A bullfrog zombie (D:11)
  Crazy Yiuf (D:5)
  A bullfrog skeleton (D:4)
  7 hounds
  6 orc priests
  6 orc wizards
  4 centaur skeletons
  6 iguanas
  9 worker ants
  A killer bee zombie (D:7)
  12 gnolls
  A worker ant zombie (D:6)
  9 adders
  4 shadow imps
  An ooze (D:2)
  An adder skeleton (D:5)
  6 worms
  4 dart slugs
  9 leopard geckos
  50 orcs
  2 ball pythons
  4 bats
  6 giant cockroaches
  4 goblins
  10 hobgoblins
  11 jackals
  3 quokkas
  3 frilled lizards
  61 kobolds
  6 rats
  A fungus (D:5)
396 creatures vanquished.

Vanquished Creatures (others)
  2 plants (Lair:1)
2 creatures vanquished.

Grand Total: 398 creatures vanquished

Notes
Turn   | Place    | Note
-------+----------+-------------------------------------------
     0 | D:1      | Hafrunt the Draconian Venom Mage began the quest for the Orb.
     0 | D:1      | Reached XP level 1. HP: 14/14 MP: 3/3
   333 | D:1      | Reached XP level 2. HP: 20/20 MP: 1/5
   337 | D:1      | Learned a level 2 spell: Poisonous Vapours
   718 | D:1      | Reached XP level 3. HP: 22/26 MP: 6/6
   723 | D:1      | Learned a level 3 spell: Mephitic Cloud
  1732 | D:2      | Reached skill level 4 in Poison Magic
  2169 | D:3      | Reached XP level 4. HP: 33/33 MP: 7/7
  2459 | D:3      | Found an iron altar of Okawaru.
  2871 | D:4      | Noticed InnerFear's ghost (amateur HuFi)
  3296 | D:4      | Reached XP level 5. HP: 37/38 MP: 9/9
  3306 | D:4      | Learned a level 4 spell: Olgreb's Toxic Radiance
  3509 | D:4      | Noticed an ogre
  3518 | D:4      | Killed an ogre
  3518 | D:4      | Reached skill level 5 in Poison Magic
  3518 | D:4      | Reached XP level 6. HP: 45/45 MP: 9/11
  4712 | D:3      | Reached skill level 6 in Poison Magic
  4734 | D:3      | Your scales start taking on a fiery red colour.
  4734 | D:3      | Reached XP level 7. HP: 50/50 MP: 1/12
  4734 | D:3      | Gained mutation: Your flesh is heat resistant. (rF+) [Red Draconian growth]
  5605 | D:4      | Reached skill level 7 in Poison Magic
  6126 | D:5      | Entered Level 5 of the Dungeon
  6151 | D:5      | Reached XP level 8. HP: 55/57 MP: 14/14
  6385 | D:5      | Found a bloodstained altar of Trog.
  6664 | D:5      | Reached skill level 1 in Fighting
  6664 | D:5      | Reached skill level 5 in Spellcasting
  6664 | D:5      | Reached skill level 5 in Conjurations
  6664 | D:5      | Reached skill level 1 in Evocations
  6684 | D:5      | Found a sparkling altar of Nemelex Xobeh.
  6871 | D:5      | Found a staircase to the Ecumenical Temple.
  6882 | Temple   | Entered the Ecumenical Temple
  6898 | Temple   | Became a worshipper of Vehumet
  7253 | D:5      | Found a runed door.
  7257 | D:5      | Noticed Crazy Yiuf
  7267 | D:5      | Killed Crazy Yiuf
  7317 | D:6      | Learned a level 1 spell: Sting
  7399 | D:6      | Reached skill level 8 in Poison Magic
  7785 | D:6      | Reached XP level 9. HP: 68/68 MP: 16/17
  7974 | D:6      | Reached * piety under Vehumet
  7974 | D:6      | Offered knowledge of Sandblast by Vehumet.
  8722 | D:8      | Reached skill level 9 in Poison Magic
  8776 | D:8      | Noticed a two-headed ogre
  9053 | D:8      | Paralysed by a hornet for 2 turns
  9193 | D:8      | Found a shattered altar of Ashenzari.
  9642 | D:8      | Found a shimmering altar of Xom.
  9642 | D:8      | Found an ancient bone altar of Kikubaaqudgha.
 10047 | D:8      | Offered knowledge of Searing Ray by Vehumet.
 10237 | D:8      | Reached XP level 10. HP: 40/79 MP: 19/19
 10396 | D:8      | Reached ** piety under Vehumet
 10441 | D:9      | Reached skill level 10 in Poison Magic
 10925 | D:9      | Reached skill level 5 in Fighting
 10930 | D:9      | Offered knowledge of Inner Flame by Vehumet.
 11329 | D:9      | Reached *** piety under Vehumet
 11663 | D:10     | Entered Level 10 of the Dungeon
 11690 | D:10     | Found a staircase to the Orcish Mines.
 11822 | D:10     | Learned a level 5 spell: Venom Bolt
 11826 | D:10     | Learned a level 3 spell: Inner Flame
 12007 | D:10     | Reached skill level 5 in Evocations
 12036 | D:10     | Reached skill level 1 in Fire Magic
 12073 | D:10     | Offered knowledge of Conjure Flame by Vehumet.
 12089 | D:10     | Paralysed by fainting for 7 turns
 12335 | D:10     | Reached XP level 11. HP: 60/88 MP: 21/21
 12340 | D:10     | Learned a level 3 spell: Conjure Flame
 12510 | D:10     | Found Dinog's Magic Scroll Boutique.
 12804 | D:10     | Reached **** piety under Vehumet
 13015 | D:11     | Offered knowledge of Throw Icicle by Vehumet.
 13254 | D:11     | Reached skill level 11 in Poison Magic
 13367 | D:11     | Noticed a two-headed ogre
 13397 | D:11     | Killed a two-headed ogre
 13725 | D:11     | Found a staircase to the Lair.
 14049 | D:11     | Identified a +1 pair of boots of running (You found it on level 11 of the Dungeon)
 14176 | D:11     | Noticed Fannar
 14188 | D:11     | Killed Fannar
 14252 | D:11     | Reached ***** piety under Vehumet
 14252 | D:11     | Offered knowledge of Bolt of Magma by Vehumet.
 14379 | D:11     | Found Eschorgh's Distillery.
 14387 | D:11     | Bought a potion of heal wounds for 70 gold pieces
 14387 | D:11     | Bought a potion of brilliance for 56 gold pieces
 14433 | D:11     | Noticed Josephine
 14449 | D:11     | Killed Josephine
 14472 | D:11     | Reached skill level 5 in Fire Magic
 14585 | D:11     | Learned a level 5 spell: Bolt of Magma
 14651 | D:12     | Reached XP level 12. HP: 97/98 MP: 23/24
 14709 | Lair:1   | Entered Level 1 of the Lair of Beasts
 15432 | Lair:1   | HP: 4/100 [spiny frog (15)]
 15440 | Lair:1   | HP: 4/100 [spiny frog (13)]
 15442 | Lair:1   | Slain by a spiny frog

Vault maps used:
D:1:      lemuel_arrival_muddy
D:2:      kennysheep_potato
D:3:      minmay_goblin_kobold_castle, nicolae_overflow_crystal_walls
D:5:      temple_statues, basic_altar, first_bread, nemelex_spade_bored_becter,
          uniq_crazy_yiuf_cottage
D:6:      nrook_pool_corridor
D:8:      gammafunk_temple_overflow_statue, nicolae_ashenzari_panopticon,
          hangedman_pestilent_swarm
D:9:      special_room, kennysheep_small_square
D:10:     orc_0_dummy, serial_corexii_hall, corexii_hall_statues_t,
          corexii_hall_statues_t, serial_shops, kennysheep_mini
D:11:     david_lair_generic, serial_shops, nicolae_shop_crystal, st_stairs_3,
          uniq_josephine, uniq_fannar
Temple:   regret_index_temple_mists
Lair:1:   serial_bayou_shore_b, grunt_megastairs_5

Skill      XL: |  1  2  3  4  5  6  7  8  9 10 11 |
---------------+----------------------------------+-----
Poison Magic   | 4 5 6 7 8 9 10 11 | 11.5
Conjurations   | 2 3 4 5 6 7 8 |  8.6
Spellcasting   | 3 4 5 6 7 8 |  8.2
Fighting       | 2 4 5 7 |  7.4
Evocations     | 2 4 5 6 |  6.8
Dodging        | 2 4 |  4.5
Fire Magic     | 2 5 |  5.4
Stealth        | |  1.7

Action                   |  1- 3 |  4- 6 |  7- 9 | 10-12 || total
-------------------------+-------+-------+-------+-------++-------
Melee: Unarmed           |    32 |    50 |       |       ||    82
       Tailslap          |     4 |    10 |    22 |    51 ||    87
       Whip              |       |    38 |    23 |       ||    61
       Spear             |       |       |   137 |       ||   137
       Trident           |       |       |    63 |    96 ||   159
       Morningstar       |       |       |       |   394 ||   394
Throw: Javelin           |       |       |       |     2 ||     2
       Throwing net      |       |       |       |     1 ||     1
 Cast: Sting             |    85 |   127 |   225 |   370 ||   807
       Poisonous Vapours |     7 |     8 |    24 |    27 ||    66
       Mephitic Cloud    |       |     4 |     5 |       ||     9
       Olgreb's Toxic Ra |       |     5 |    14 |    24 ||    43
       Venom Bolt        |       |       |       |    17 ||    17
       Conjure Flame     |       |       |       |    13 ||    13
       Bolt of Magma     |       |       |       |     2 ||     2
 Abil: Breathe Fire      |       |       |     4 |     2 ||     6
  Use: Scroll            |     6 |     2 |    10 |       ||    18
       Potion            |       |       |       |     5 ||     5
 Stab: Sleeping          |       |       |     1 |       ||     1
  Eat: Chunk             |     5 |    10 |    17 |    27 ||    59
       Bread ration      |       |       |     1 |     1 ||     2
       Meat ration       |       |       |       |     2 ||     2
       Fruit             |       |       |       |     2 ||     2
Armor: Skin              |    10 |    46 |   113 |   390 ||   559
Dodge: Dodged            |    30 |   116 |   153 |   457 ||   756

Table legend:
 A = Spawn XP
 B = Non-spawn XP
 C = Spawn XP percentage of total XP
 D = Spawn monster count
 E = Non-spawn monster count
 F = Spawn count percentage of total count
 G = Total turns spent on level
                    A         B        C        D         E        F      G
               +---------+---------+-------+---------+---------+-------+---------
         Total |       0 |   24902 |   0.0 |       0 |     395 |   0.0 | 15442
               +---------+---------+-------+---------+---------+-------+---------
           D:1 |       0 |      43 |   0.0 |       0 |      20 |   0.0 |   944
           D:2 |       0 |      44 |   0.0 |       0 |      16 |   0.0 |  1150
           D:3 |       0 |     662 |   0.0 |       0 |      71 |   0.0 |  2251
           D:4 |       0 |     559 |   0.0 |       0 |      19 |   0.0 |  1781
           D:5 |       0 |     772 |   0.0 |       0 |      35 |   0.0 |  1039
           D:6 |       0 |     989 |   0.0 |       0 |      25 |   0.0 |   756
           D:7 |       0 |     338 |   0.0 |       0 |      12 |   0.0 |   672
           D:8 |       0 |    2709 |   0.0 |       0 |      36 |   0.0 |  1674
           D:9 |       0 |    1788 |   0.0 |       0 |      49 |   0.0 |  1229
          D:10 |       0 |    4718 |   0.0 |       0 |      38 |   0.0 |  1123
          D:11 |       0 |    9102 |   0.0 |       0 |      50 |   0.0 |  1850
          D:12 |       0 |     184 |   0.0 |       0 |       7 |   0.0 |    73
        Lair:1 |       0 |    2994 |   0.0 |       0 |      17 |   0.0 |   733
               +---------+---------+-------+---------+---------+-------+---------
